 Dungeon Crawl Stone Soup version 0.29-a0-187-ga23d9638d5 (webtiles) character file.

Game seed: 1105334820777052046

49 Hasart the Sneak (level 3, 0/19 HPs)
             Began as a Vampire Enchanter on Feb 21, 2022.
             Slain by a worm (9 damage)
             ... on level 2 of the Dungeon.
             The game lasted 00:02:55 (1425 turns).

Hasart the Sneak (Vampire Enchanter)                Turns: 1425, Time: 00:02:55

Health: 0/19       AC:  4    Str:  7    XL:     3   Next: 51%
Magic:  6/6        EV: 12    Int: 19    God:
Gold:   76         SH:  5    Dex: 14    Spells: 1/6 levels left

rFire   . . .      SeeInvis +   a - +1 dagger
rCold   + + .      Faith    .   (no shield)
rNeg    + + +      Spirit   .   b - +0 robe
rPois   ∞          Reflect  +   (no helmet)
rElec   .          Harm     .   (no cloak)
rCorr   .          Rampage  .   j - +1 pair of gloves
Will    .....                   (no boots)
Stlth   +++++.....              i - amulet of reflection
HPRegen 0.00/turn               (no ring)
MPRegen 0.10/turn               (no ring)

@: bloodless, inhibited regen
A: bloodless, fangs 3, see invisible, vampiric 2
a: Bat Form, Revivify


You were on level 2 of the Dungeon.
You visited 1 branch of the dungeon, and saw 2 of its levels.

You collected 76 gold pieces.

Inventory:

Hand Weapons
 a - a +1 dagger (weapon)
Armour
 b - a +0 robe (worn)
 j - a +1 pair of gloves (worn)
Jewellery
 i - an amulet of reflection (around neck)
Scrolls
 d - a scroll of torment {unknown}
 f - a scroll of immolation {unknown}
 h - a scroll of teleportation {unknown}
 k - a scroll of fog {unknown}
Potions
 c - a potion of invisibility
 e - 2 potions of resistance {unknown}
 g - a potion of heal wounds {unknown}


   Skills:
 + Level 1.8 Short Blades
 + Level 2.7 Dodging
 + Level 5.0 Stealth
 + Level 2.4 Spellcasting
 + Level 4.9 Hexes
 + Level 0.2 Ice Magic


You had one spell level left.
You knew the following spells:

 Your Spells              Type           Power      Damage    Failure   Level
a - Ensorcelled Hibernat  Hex/Ice        24%        N/A       9%          2
b - Confusing Touch       Hex            21%        N/A       6%          3

Your spell library contained the following spells:

 Spells                   Type           Power      Damage    Failure   Level
 Tukima's Dance           Hex            21%        N/A       6%          3
 Dazzling Flash           Conj/Hex       22%        N/A       19%         3


Dungeon Overview and Level Annotations

Branches:
Dungeon (2/15)

Altars:


Innate Abilities, Weirdness & Mutations

You do not regenerate when monsters are visible.
You are frail without blood (-20% HP).
You can heal yourself when you bite living creatures.
You are immune to poison.
You have razor-sharp teeth.
You have supernaturally acute eyesight. (SInv)
You are afflicted with vampirism and can become a bat while bloodless.


Message History

k - a scroll labelled DUPTEIGYLUT A bat is nearby!
A bat is nearby!
A bat is nearby!
The bat misses you.
You hit the bat.
You kill the bat!
A rat comes into view.
A rat is nearby!
A rat is nearby!
The rat misses you.
You completely miss the rat. The rat bites you.
The frilled lizard hisses angrily.
You hit the rat. Your bite misses the rat.
The rat is heavily wounded.
You hit the rat.
You kill the rat!
You hit the frilled lizard.
You kill the frilled lizard!
No target in view!
No target in view!
A worm comes into view.
A worm is nearby!
You hit the worm. You punch the worm.
The worm is moderately wounded.
You hit the worm.
The worm is heavily wounded.
You block the worm's attack.
You hit the worm but do no damage.
The worm is heavily wounded.
You hit the worm but do no damage.
The worm is heavily wounded.
The worm bites you!
You hit the worm. You punch the worm.
The worm is severely wounded.
The endoplasm quivers.
You hit the worm.
The worm is almost dead.
The worm bites you!
You die...

#......####.. ....
#.#...)..o...
....#..........##.
..................
...#...........#
#.#............#
#.............#
#.w.#........#
#.@.#.###..######
#...#.#.........# .
#...#.#..†......# .
.####..##.#.........# #
.....................###
....$.................#.
..#.##......#...........
.... #......#...........
##. #......#....<......


You could see a worm.

Vanquished Creatures
  A gnoll (D:1)
  An adder (D:1)
  3 ball pythons
  3 endoplasms
  2 giant cockroaches (D:1)
  3 goblins (D:1)
  2 hobgoblins (D:2)
  A quokka (D:1)
  6 bats
  2 frilled lizards
  3 kobolds (D:1)
  2 rats
29 creatures vanquished.

Notes
Turn   | Place    | Note
-------+----------+-------------------------------------------
     0 | D:1      | Hasart the Vampire Enchanter began the quest for the Orb.
     0 | D:1      | Reached XP level 1. HP: 13/13 MP: 3/3
   197 | D:1      | Reached XP level 2. HP: 15/15 MP: 5/5
   680 | D:1      | Found a faded altar of an unknown god.
   849 | D:2      | Gained mutation: You are afflicted with vampirism and can
                  | become a bat while bloodless. [Vampire growth]
   849 | D:2      | Reached XP level 3. HP: 19/19 MP: 6/6
   857 | D:2      | Learned a level 2 spell: Ensorcelled Hibernation
   861 | D:2      | Learned a level 3 spell: Confusing Touch
  1379 | D:2      | Reached skill level 5 in Stealth
  1425 | D:2      | Slain by a worm

Illustrated notes

Levels and vault maps discovered:
D:1:      lemuel_arrival_behind_the_door_small, layout_basic,
          hellmonk_ecumenical_altar_crossroads, corexii_hall_statues_u
D:2:      layout_rooms, uniq_crazy_yiuf_cottage

Skill      XL: |  1  2  3 |
---------------+----------+-----
Stealth        | 5 |  5.0
Short Blades   | |  1.8
Dodging        | |  2.7
Spellcasting   | |  2.4
Hexes          | |  4.9
Ice Magic      | |  0.2

Action                   || total
-------------------------++-------
Melee: Dagger            ||    75
       Bite              ||     2
       Punch             ||     2
 Abil: Exsanguinate      ||     1
 Stab: Sleeping          ||    13
Armor: Robe              ||    17
Dodge: Dodged            ||    49
Block: Other             ||     9

Table legend: (Time is in decaauts)
 A = Elapsed time spent in this place.
 B = Non-inter-level travel time spent in this place.
 C = Inter-level travel time spent in this place.
 D = Time resting spent in this place.
 E = Time spent auto-exploring this place.
 F = Levels seen in this place.
 G = Mean time per level.
                   A        B        C        D        E       F      G
               +--------+--------+--------+--------+--------+-----+--------+
         Total |   1420 |   1374 |     46 |    344 |    776 |   2 |  710.0 |
       Dungeon |   1420 |   1374 |     46 |    344 |    776 |   2 |  710.0 |
               +--------+--------+--------+--------+--------+-----+--------+

Top non-repeatable levels by time:
     D:1: 1222 daAuts
     D:2: 197 daAuts
